[Event "Titled Tuesday Blitz February 22 Late 2022"]
[White "Baskin, Robert"]
[Black "Garriga Cazorla, Pere"]
[WhiteFideId "24662402"]
[BlackFideId "32011601"]
[WhiteElo "2488"]
[BlackElo "2458"]
[Result "0-1"]
[Round "06"]
[TimeControl "180+1"]
[Date "2022.02.23"]
[WhiteClock "0:00:08"]
[BlackClock "0:01:08"]

1. d4 Nf6 2. c4 e6 3. Nf3 c5 4. Nc3 cxd4 5. Nxd4 Nc6 6. g3 Qb6 7. Ndb5 Ne5 8. Bf4 Nfg4 9. e3 a6 10. h3 axb5 11. hxg4 Nxc4 12. Rc1 d5 13. g5 Bd7 14. b3 Bb4 15. Bd3 e5 16. bxc4 exf4 17. gxf4 Ra3 18. Kf1 Rxc3 19. Rxc3 Bxc3 20. cxd5 Qc5 21. Be4 g6 22. Kg2 b4 23. Rh4 Qc4 24. Bf3 Qxa2 25. Qh1 Qa1 26. Qh2 Bb5 27. Rxh7 Rxh7 28. Qxh7 Qf1+ 29. Kg3 Kf8 30. Qh2 b3 31. e4 Bg7 32. Kh4 b2 33. f5 b1=Q 34. Qb8+ Be8 35. f6 Qxf2+ 36. Kg4 Qbg1+ 0-1


[Site "https://www.chess.com"]

[Event "Titled Tuesday Blitz February 22 Late 2022"]
[White "Bluebaum, Matthias"]
[Black "Sarana, Alexey"]
[WhiteFideId "24651516"]
[BlackFideId "24133795"]
[WhiteElo "2550"]
[BlackElo "2665"]
[Result "0-1"]
[Round "06"]
[TimeControl "180+1"]
[Date "2022.02.22"]
[WhiteClock "0:00:22"]
[BlackClock "0:01:30"]

1. d4 Nf6 2. Nf3 d5 3. e3 e6 4. Bd3 c5 5. b3 Nc6 6. O-O Bd6 7. Bb2 b6 8. a3 Qc7 9. dxc5 bxc5 10. c4 dxc4 11. Bxc4 O-O 12. Bxf6 gxf6 13. Nc3 Be7 14. Ne1 Kh8 15. Nd3 Rg8 16. Qh5 Bb7 17. f3 Rg5 18. Qxf7 Rag8 19. Ra2 Nd8 20. Nb5 Qd7 21. Qxg8+ Rxg8 22. Nf4 e5 23. Bxg8 Kxg8 0-1


[Site "https://www.chess.com"]

[Event "Titled Tuesday Blitz February 22 Late 2022"]
[White "Bouget, Alexandre"]
[Black "P., Komal Kishore"]
[WhiteFideId "681318"]
[BlackFideId "5016703"]
[WhiteElo "2178"]
[BlackElo "2049"]
[Result "1-0"]
[Round "06"]
[TimeControl "180+1"]
[Date "2022.02.23"]
[WhiteClock "0:01:40"]
[BlackClock "0:00:09"]

1. Nc3 d5 2. e4 c6 3. Nf3 Bg4 4. h3 Bxf3 5. Qxf3 e6 6. d3 Nf6 7. g4 Be7 8. Bg2 Nbd7 9. O-O Qb6 10. g5 Ne5 11. Qg3 Nfd7 12. d4 Qxd4 13. Be3 Qb4 14. exd5 cxd5 15. Bxd5 O-O 16. Bg2 Nc4 17. Rad1 Nc5 18. Bd4 Rfe8 19. a3 Qxb2 20. Nd5 Qxa3 21. Qxa3 Nxa3 22. Nxe7+ Rxe7 23. Bxc5 Rc7 24. Bxa3 Rxc2 25. Bxb7 1-0


[Site "https://www.chess.com"]

[Event "Titled Tuesday Blitz February 22 Late 2022"]
[White "Brunner, Nicolas"]
[Black "Sarkar, Justin"]
[WhiteFideId "620246"]
[BlackFideId "2010011"]
[WhiteElo "2372"]
[BlackElo "2038"]
[Result "0-1"]
[Round "06"]
[TimeControl "180+1"]
[Date "2022.02.23"]
[WhiteClock "0:00:09"]
[BlackClock "0:00:08"]

1. d4 Nf6 2. c4 e6 3. g3 c5 4. d5 exd5 5. cxd5 b5 6. Bg2 Bb7 7. Nh3 c4 8. O-O Bc5 9. a4 a6 10. axb5 axb5 11. Rxa8 Bxa8 12. Na3 Qb6 13. e4 O-O 14. e5 Ne8 15. Ng5 f6 16. Nxh7 Kxh7 17. Qh5+ Kg8 18. Be4 f5 19. Bxf5 Rxf5 20. Qxf5 Bxd5 21. Rd1 Qc6 22. Nxb5 Qxb5 23. Rxd5 Bxf2+ 24. Kxf2 Qxd5 25. Bf4 Nc6 26. Qg6 Nc7 27. h4 Qe6 28. Qg5 Nd5 29. h5 Nxf4 30. gxf4 Qh6 31. Qf5 Nd4 32. Qg4 Qe6 33. Qg5 Qf5 34. Qd8+ Kh7 35. Qh4 Qc2+ 36. Kg3 Nf5+ 37. Kg4 Nxh4 38. Kxh4 Qxb2 39. Kg5 c3 40. h6 gxh6+ 41. Kf6 c2 42. f5 c1=Q 0-1


[Site "https://www.chess.com"]

[Event "Titled Tuesday Blitz February 22 Late 2022"]
[White "Bryakin, Mikhail"]
[Black "Rosen, Eric"]
[WhiteFideId "4165314"]
[BlackFideId "2032562"]
[WhiteElo "2421"]
[BlackElo "2362"]
[Result "1-0"]
[Round "06"]
[TimeControl "180+1"]
[Date "2022.02.22"]
[WhiteClock "0:00:40"]
[BlackClock "0:00:01"]

1. e4 c5 2. c3 d5 3. exd5 Qxd5 4. d4 Nf6 5. Nf3 e6 6. Be3 cxd4 7. Qxd4 Qxd4 8. Nxd4 Be7 9. g3 Nd5 10. Bd2 e5 11. Nb3 Be6 12. Bg2 Nc6 13. Nc1 O-O 14. a3 Nb6 15. b3 Rfd8 16. a4 a5 17. Na3 Rac8 18. Nb5 Nd7 19. Rb1 Nc5 20. Ke2 Bg4+ 21. f3 Bf5 22. Rb2 h5 23. h4 Nd3 24. Nxd3 Bxd3+ 25. Kf2 Rd5 26. c4 Rd7 27. Be3 Nb4 28. Rd1 Bf5 29. Rxd7 Bxd7 30. Rd2 Bc6 31. Bh3 Rd8 32. Rxd8+ Bxd8 33. Bc8 Kf8 34. f4 exf4 35. Bxf4 f6 36. Bd6+ Kf7 37. Ke3 g5 38. c5 Nd5+ 39. Kd4 gxh4 40. gxh4 f5 41. Bxf5 Bxh4 42. Na7 Bf6+ 43. Kd3 Nb4+ 44. Ke3 Bd5 45. Bc8 h4 46. Nb5 Bxb3 47. Bxb7 Bxa4 48. Nd4 Bxd4+ 49. Kxd4 Bc6 50. Bc8 a4 51. Kc4 Nd5 52. Bh3 Ne3+ 53. Kb4 Bg2 54. Bd7 h3 55. c6 1-0


[Site "https://www.chess.com"]

[Event "Titled Tuesday Blitz February 22 Late 2022"]
[White "Calcada, Lucas Galvan"]
[Black "Quirke, Jeffrey"]
[WhiteFideId "22746099"]
[BlackFideId "2013029"]
[WhiteElo "1402"]
[BlackElo "2199"]
[Result "0-1"]
[Round "06"]
[TimeControl "180+1"]
[Date "2022.02.23"]
[WhiteClock "0:02:39"]
[BlackClock "0:02:21"]

1. d4 d5 2. c4 e6 3. Nc3 Nf6 4. Nf3 c5 5. dxc5 Bxc5 6. Bg5 d4 7. Ne4 Bb4+ 8. Nfd2 Nxe4 9. Bxd8 Bxd2+ 10. Qxd2 Nxd2 11. Ba5 Ne4 0-1


[Site "https://www.chess.com"]

[Event "Titled Tuesday Blitz February 22 Late 2022"]
[White "Carbone, Diego"]
[Black "Boros, Denes"]
[WhiteFideId "3002179"]
[BlackFideId "722340"]
[WhiteElo "2199"]
[BlackElo "2464"]
[Result "0-1"]
[Round "06"]
[TimeControl "180+1"]
[Date "2022.02.22"]
[WhiteClock "0:00:03"]
[BlackClock "0:01:00"]

1. d4 Nf6 2. c4 e6 3. g3 Bb4+ 4. Bd2 Be7 5. Bg2 d5 6. Nf3 Ne4 7. Qc2 Nc6 8. O-O f5 9. Bf4 g5 10. Be5 Rg8 11. Nc3 g4 12. Ne1 Nxe5 13. dxe5 c6 14. Nd3 Bg5 15. Rad1 Qe7 16. f3 Be3+ 17. Kh1 Nxg3+ 18. hxg3 Qg5 19. Nf2 Qh5+ 20. Kg1 f4 21. fxg4 Rxg4 22. Ne4 dxe4 23. Qxe4 fxg3 24. Rd8+ Ke7 25. Qxg4 Qh2# 0-1


[Site "https://www.chess.com"]

[Event "Titled Tuesday Blitz February 22 Late 2022"]
[White "Carlsson, Ludvig"]
[Black "Ansh M Shah"]
[WhiteFideId "1727010"]
[BlackFideId "25033379"]
[WhiteElo "2178"]
[BlackElo "1819"]
[Result "1-0"]
[Round "06"]
[TimeControl "180+1"]
[Date "2022.02.23"]
[WhiteClock "0:00:09"]
[BlackClock "0:00:18"]

1. d4 Nf6 2. c4 e6 3. Nc3 d5 4. Bg5 Be7 5. e3 O-O 6. Nf3 b6 7. cxd5 Nxd5 8. Bxe7 Qxe7 9. Nxd5 exd5 10. Rc1 Bb7 11. Bd3 Rc8 12. Bf5 Rd8 13. O-O g6 14. Bd3 Rc8 15. Qa4 a6 16. Rfd1 Nd7 17. Bf1 b5 18. Qc2 c5 19. dxc5 Rxc5 20. Qd2 Rac8 21. Nd4 Rxc1 22. Rxc1 Rxc1 23. Qxc1 Qc5 24. Qxc5 Nxc5 25. b3 Ne6 26. b4 Kf8 27. Nb3 Ke7 28. g3 Kd6 29. Bh3 Ng5 30. Bg2 Ne6 31. h4 Bc6 32. Bh3 f5 33. Kf1 Ke5 34. Bg2 Be8 35. Ke2 Bc6 36. Kd3 Bb7 37. Bf3 Bc6 38. Bh1 Bb7 39. Bg2 Bc6 40. Bf1 Be8 41. Be2 Bc6 42. f4+ Kd6 43. g4 Be8 44. gxf5 gxf5 45. Nd4 Nxd4 46. Kxd4 h6 47. Bd3 Bd7 48. Bc2 Bc8 49. Bb3 Be6 50. Bd1 Bc8 51. Bh5 Be6 52. Be8 Bc8 53. Bf7 Bb7 54. Bg8 Bc6 55. Bh7 Bd7 56. Bg6 Be6 57. Be8 Bc8 58. a3 Be6 59. Bh5 Bc8 60. Bf3 Be6 61. Be2 Bd7 62. Bd3 Bc8 63. Bc2 Bd7 64. Bd1 Bc8 65. a4 bxa4 66. Bxa4 Be6 67. Be8 Bc8 68. Bf7 Bb7 69. Bg6 Bc8 70. Be8 Be6 71. Ba4 Bc8 72. Bc2 Be6 73. Bb1 Bd7 74. Bd3 Bc8 75. h5 Bd7 76. Bxa6 Be8 77. Be2 Kc6 78. Ke5 Kb6 79. Kxf5 Bb5 80. Bxb5 Kxb5 81. Ke5 Kxb4 82. Kxd5 Kc3 83. f5 Kd3 84. f6 Kxe3 85. f7 Kf4 86. f8=Q+ Kg5 87. Qf3 Kh4 88. Qf4+ Kxh5 89. Qf5+ Kh4 90. Qg6 h5 91. Ke4 Kh3 92. Kf3 Kh2 93. Qg2# 1-0


[Site "https://www.chess.com"]

[Event "Titled Tuesday Blitz February 22 Late 2022"]
[White "Chigaev, Maksim"]
[Black "Kozak, Adam"]
[WhiteFideId "4108116"]
[BlackFideId "753246"]
[WhiteElo "2502"]
[BlackElo "2459"]
[Result "1-0"]
[Round "06"]
[TimeControl "180+1"]
[Date "2022.02.22"]
[WhiteClock "0:00:07"]
[BlackClock "0:00:02"]

1. e4 c5 2. Nf3 a6 3. g3 b5 4. Bg2 Bb7 5. Qe2 g6 6. O-O Bg7 7. Rd1 Nc6 8. c3 c4 9. b3 Na5 10. bxc4 bxc4 11. Na3 Rc8 12. Rb1 Ba8 13. Nc2 Nf6 14. e5 Nd5 15. Ba3 O-O 16. Nfd4 Re8 17. f4 Qc7 18. Ne3 Nxe3 19. dxe3 Bxg2 20. Qxg2 d6 21. e6 f5 22. Qd5 Rb8 23. Rb4 Bxd4 24. exd4 h5 25. Rdb1 Rxb4 26. Rxb4 Rc8 27. h3 Nc6 28. Rb2 Qa5 29. Qxa5 Nxa5 30. d5 Kg7 31. Rb6 Rc7 32. Bb4 Nb3 33. axb3 Rb7 34. Rxb7 a5 35. Bxa5 h4 36. gxh4 cxb3 37. Rxb3 Kh6 38. Rb7 Kh5 1-0


[Site "https://www.chess.com"]

[Event "Titled Tuesday Blitz February 22 Late 2022"]
[White "Chyngyz, Sultai"]
[Black "Lehtosaari, Mauri"]
[WhiteFideId "13803158"]
[BlackFideId "501999"]
[WhiteElo "1339"]
[BlackElo "2438"]
[Result "0-1"]
[Round "06"]
[TimeControl "180+1"]
[Date "2022.02.23"]
[WhiteClock "0:00:55"]
[BlackClock "0:00:16"]

1. e4 c5 2. Nf3 e6 3. d4 cxd4 4. Nxd4 Qb6 5. Nc3 Bc5 6. Na4 Qa5+ 7. c3 Bxd4 8. Qxd4 Nf6 9. e5 Nc6 10. Qh4 Qxe5+ 11. Be2 Qe4 12. Qxe4 Nxe4 13. O-O O-O 14. Bd3 Nf6 15. Bg5 b6 16. Bxf6 gxf6 17. b3 Bb7 18. Nb2 Ne5 19. Bc2 Kh8 20. Rad1 Rg8 21. f3 Nxf3+ 22. Kf2 Ne5 23. g3 Ng4+ 24. Kg1 Ne3 25. Rxd7 Nxf1 26. Rxb7 Ne3 27. Bd3 Rgf8 28. Kf2 Nd5 29. c4 Nb4 30. Bb1 f5 31. a3 Na6 32. Nd1 Nc5 33. Rc7 Nxb3 34. Ne3 Na5 35. g4 f4 36. Ng2 Rac8 37. Rxa7 Rxc4 38. Kf3 e5 39. g5 Nc6 40. Kg4 Nxa7 41. Bd3 Rd4 42. Bf5 f3+ 43. Kxf3 Rf4+ 44. Nxf4 exf4 45. Kxf4 Kg7 46. h4 Nc8 47. Kg4 h6 48. Kh5 hxg5 49. hxg5 Nd6 50. Bd3 Ra8 51. a4 Rxa4 52. g6 Ra5+ 53. Kg4 fxg6 54. Kf4 Kf6 55. Ke3 Re5+ 56. Kf2 Nf5 57. Kg2 b5 58. Kh2 b4 59. Bf1 b3 60. Bg2 b2 61. Bf3 b1=Q 62. Bg2 Qd3 63. Kh1 Qg3 64. Kg1 Re1# 0-1


[Site "https://www.chess.com"]

[Event "Titled Tuesday Blitz February 22 Late 2022"]
[White "Clawitter, Craig"]
[Black "Buscar, Michael"]
[WhiteFideId "2023105"]
[BlackFideId "2603616"]
[WhiteElo "2214"]
[BlackElo "2010"]
[Result "0-1"]
[Round "06"]
[TimeControl "180+1"]
[Date "2022.02.23"]
[WhiteClock "0:00:02"]
[BlackClock "0:01:03"]

1. e4 e5 2. Nc3 Bc5 3. f4 exf4 4. Nf3 Ne7 5. d4 Bb6 6. Bxf4 Ng6 7. Bg3 d6 8. Bc4 Nc6 9. O-O O-O 10. Nd5 Bg4 11. c3 Nce7 12. Ne3 Be6 13. h4 Bxc4 14. Nxc4 Re8 15. h5 Nf8 16. h6 g6 17. Ng5 f5 18. Bh4 d5 19. Ne5 dxe4 20. Ngf7 Qd5 21. Qd2 Nc6 22. Qg5 Nxe5 23. Nxe5 Qxe5 24. Rf2 Qe6 25. Raf1 c6 26. Rxf5 Bd8 27. Qg3 Bxh4 0-1


[Site "https://www.chess.com"]

[Event "Titled Tuesday Blitz February 22 Late 2022"]
[White "Csonka, Balazs"]
[Black "Yordanov, Nikolay Plamenov"]
[WhiteFideId "742910"]
[BlackFideId "2907445"]
[WhiteElo "2404"]
[BlackElo "2248"]
[Result "0-1"]
[Round "06"]
[TimeControl "180+1"]
[Date "2022.02.23"]
[WhiteClock "0:00:01"]
[BlackClock "0:00:08"]

1. d4 Nf6 2. Nf3 g6 3. c4 Bg7 4. Nc3 O-O 5. e4 d6 6. Be2 e5 7. O-O Nc6 8. d5 Ne7 9. Qc2 Nd7 10. Rd1 h6 11. b4 b6 12. Ba3 a5 13. c5 axb4 14. cxd6 cxd6 15. Bxb4 Nc5 16. Nd2 Ba6 17. Bxa6 Nxa6 18. a3 Nxb4 19. axb4 Rxa1 20. Rxa1 Qc7 21. Qd3 f5 22. f3 fxe4 23. fxe4 h5 24. Nb5 Qd7 25. Ra7 Qg4 26. Nf3 Nc8 27. Ra8 Bh6 28. Nc7 Qf4 29. Ne6 Qc1+ 30. Kf2 Rf7 31. Qe2 Kh7 32. Ra2 Ne7 33. Ra7 g5 34. Rc7 Qb1 35. Ke3 g4+ 36. Nfg5+ Kg6 37. h4 gxh3 38. gxh3 Qb3+ 39. Kd2 Qxb4+ 40. Kc2 Qa4+ 41. Kb2 Qb4+ 42. Kc2 Bxg5 43. Nxg5 Kxg5 44. Qe3+ Kg6 45. Qg3+ Kh6 46. Qe3+ Kg7 47. Qg5+ Ng6 48. Rxf7+ Kxf7 49. Qf5+ Kg7 50. Qd7+ Kh6 51. Qe6 Qxe4+ 52. Kb2 Qd4+ 53. Kb3 Qd3+ 54. Kb4 Qd4+ 55. Kb5 Qc5+ 56. Ka6 b5 57. h4 b4 58. Qf6 Qc4+ 59. Kb6 Qd4+ 60. Kc6 Qxh4 61. Qf5 Qc4+ 62. Kd7 Qxd5 63. Qf6 Qb5+ 64. Kd8 Qb6+ 65. Kc8 Qc6+ 66. Kb8 b3 67. Qf2 Qb5+ 68. Ka7 Qa4+ 69. Kb8 Qb4+ 70. Ka7 Qd4+ 71. Qxd4 exd4 0-1


[Site "https://www.chess.com"]

[Event "Titled Tuesday Blitz February 22 Late 2022"]
[White "Cunha, Lucas Aguiar"]
[Black "Saveliev, Alexei"]
[WhiteFideId "2125404"]
[BlackFideId "24128546"]
[WhiteElo "2361"]
[BlackElo "2281"]
[Result "0-1"]
[Round "06"]
[TimeControl "180+1"]
[Date "2022.02.23"]
[WhiteClock "0:00:36"]
[BlackClock "0:00:07"]

1. e4 g6 2. d4 Bg7 3. Nc3 d6 4. Be3 Nc6 5. d5 Ne5 6. h3 Nf6 7. f4 Ned7 8. Nf3 O-O 9. Bc4 c6 10. a4 cxd5 11. exd5 Nc5 12. O-O Bf5 13. Nd4 Rc8 14. Nxf5 gxf5 15. Nb5 a6 16. Nd4 Qd7 17. c3 Kh8 18. Qc2 Nce4 19. Ba2 Rg8 20. Rfe1 Rc5 21. Nf3 Rcc8 22. Rad1 h6 23. Bd4 b5 24. axb5 axb5 25. Qe2 Nh5 26. Qe3 Bxd4 27. Rxd4 Rg3 28. Bb1 Rcg8 29. Re2 Rxh3 30. Bxe4 fxe4 31. Rxe4 Qg4 32. Qd4+ Kh7 33. Ne1 Ng3 34. Qd3 Rh1+ 35. Kf2 Nxe4+ 36. Qxe4+ f5 37. Qxe7+ Rg7 38. Qe3 Qh4+ 39. g3 Qh2+ 0-1


[Site "https://www.chess.com"]

[Event "Titled Tuesday Blitz February 22 Late 2022"]
[White "Curtis, John"]
[Black "Al Hosani, Omran"]
[WhiteFideId "3200256"]
[BlackFideId "9308733"]
[WhiteElo "2203"]
[BlackElo "2246"]
[Result "1-0"]
[Round "06"]
[TimeControl "180+1"]
[Date "2022.02.23"]
[WhiteClock "0:00:34"]
[BlackClock "0:00:10"]

1. e4 c6 2. d4 d5 3. exd5 cxd5 4. Nf3 Nf6 5. Bd3 Nc6 6. c3 g6 7. Bf4 Bg7 8. O-O O-O 9. h3 Re8 10. Nbd2 Nh5 11. Bh2 e5 12. Nxe5 Nxe5 13. dxe5 Bxe5 14. Bxe5 Rxe5 15. Nf3 Re8 16. Qd2 Qc7 17. Bb5 Rd8 18. Rfe1 a6 19. Bf1 Bf5 20. g4 Be4 21. gxh5 Bxf3 22. hxg6 hxg6 23. Bg2 Bxg2 24. Kxg2 Qb6 25. Re7 Qf6 26. Rae1 d4 27. c4 d3 28. Qe3 Qc6+ 29. Qf3 Qxc4 30. Rc1 Qd5 31. Re8+ Kg7 32. Qxd5 Rxd5 33. Rxa8 Kf6 34. Re8 b5 35. Re3 d2 36. Rd1 Kg5 37. Re2 f5 38. Rdxd2 Rc5 39. Rc2 Rd5 40. Red2 Re5 41. Kg3 Re4 42. Rd6 a5 43. Rcc6 f4+ 44. Kf3 Ra4 45. Rxg6+ Kf5 46. h4 Rxa2 47. Rg5# 1-0


[Site "https://www.chess.com"]

[Event "Titled Tuesday Blitz February 22 Late 2022"]
[White "De Souza, Cristiano Gomes"]
[Black "Ardila, Oscar Humberto"]
[WhiteFideId "2151758"]
[BlackFideId "4404742"]
[WhiteElo "2068"]
[BlackElo "1898"]
[Result "1/2-1/2"]
[Round "06"]
[TimeControl "180+1"]
[Date "2022.02.23"]
[WhiteClock "0:00:11"]
[BlackClock "0:00:05"]

1. d4 Nf6 2. c4 e6 3. Nf3 Bb4+ 4. Bd2 Qe7 5. a3 Bxd2+ 6. Nbxd2 O-O 7. e4 d6 8. Bd3 e5 9. d5 a5 10. b4 axb4 11. axb4 Rxa1 12. Qxa1 Nbd7 13. O-O Nh5 14. Rc1 Nf4 15. Bf1 Qf6 16. Qc3 Re8 17. Nb3 Nf8 18. c5 Bg4 19. Qe3 N8g6 20. Nfd2 Qg5 21. Nc4 Be2 22. Qg3 Qxg3 23. hxg3 Bxf1 24. Kxf1 Nd3 25. Ra1 Nxb4 26. cxd6 cxd6 27. Nxd6 Rb8 28. Nc5 h5 29. Ndxb7 Nc2 30. Rc1 Nd4 31. d6 Nf8 32. Na5 Rb5 33. Nab7 f6 34. f3 Rb2 35. Ra1 Kf7 36. Ra8 Nfe6 37. Rc8 Nxc5 38. Nxc5 Rb1+ 39. Kf2 Rb2+ 40. Ke1 Ne6 41. d7 Ke7 42. Nxe6 Kxd7 43. Rc7+ Kxe6 44. Rxg7 Rxg2 45. Rh7 Rxg3 46. Kf2 Rh3 47. Kg2 Rh4 48. Kg3 Rh1 49. Kg2 Rh4 50. Kg3 Rh1 51. Kg2 Rh4 1/2-1/2


[Site "https://www.chess.com"]

[Event "Titled Tuesday Blitz February 22 Late 2022"]
[White "Desideri, Ricardo Maruchi"]
[Black "Todorovic, Bojan"]
[WhiteFideId "2110440"]
[BlackFideId "917087"]
[WhiteElo "1945"]
[BlackElo "2266"]
[Result "0-1"]
[Round "06"]
[TimeControl "180+1"]
[Date "2022.02.23"]
[WhiteClock "0:00:03"]
[BlackClock "0:00:30"]

1. e4 c5 2. Nf3 e6 3. d4 cxd4 4. Nxd4 a6 5. Bd3 Qc7 6. f4 Nc6 7. Nb3 Nf6 8. g4 d5 9. e5 Ne4 10. Bxe4 dxe4 11. Nc3 Bb4 12. Bd2 Bxc3 13. Bxc3 O-O 14. Qe2 b5 15. O-O-O b4 16. Bd2 a5 17. Be3 Ba6 18. Qf2 Bc4 19. Nc5 Rfd8 20. Nxe4 Bd5 21. Bb6 Qb7 22. Nd6 Rxd6 23. exd6 Bxh1 24. Rxh1 b3 25. axb3 a4 26. Rd1 axb3 27. c3 Nb4 28. cxb4 Ra1+ 29. Kd2 Qd5+ 30. Qd4 Qg2+ 31. Ke1 Qh1+ 32. Qg1 Qe4+ 33. Qe3 Qh1+ 34. Qg1 Qe4+ 35. Qe3 Qxb4+ 36. Ke2 Qc4+ 37. Rd3 Qc2+ 38. Qd2 Qc6 39. Kf2 Qh1 0-1


[Site "https://www.chess.com"]

[Event "Titled Tuesday Blitz February 22 Late 2022"]
[White "Devaev, Alexander"]
[Black "Stanisz, Patryk"]
[WhiteFideId "4169395"]
[BlackFideId "1123106"]
[WhiteElo "2185"]
[BlackElo "1876"]
[Result "1-0"]
[Round "06"]
[TimeControl "180+1"]
[Date "2022.02.23"]
[WhiteClock "0:00:06"]
[BlackClock "0:00:02"]

1. d4 d5 2. c4 c6 3. Nc3 Nf6 4. Nf3 e6 5. cxd5 exd5 6. Bg5 h6 7. Bh4 Nbd7 8. e3 Qa5 9. a3 Ne4 10. Rc1 Nxc3 11. Rxc3 Bxa3 12. Nd2 Bb4 13. Rc2 g5 14. Bg3 h5 15. h4 g4 16. Bd3 Nb6 17. O-O Bxd2 18. Rxd2 Qb4 19. Be5 Rh6 20. e4 Be6 21. Bf4 Rh8 22. Bg5 Kd7 23. exd5 Nxd5 24. Be4 Rae8 25. Qa1 a6 26. Rd3 f5 27. Bxd5 Bxd5 28. Re3 Qxd4 29. Rd1 Qc5 30. Red3 Kc8 31. b4 Qc2 32. R3d2 Qc4 33. Rd4 Qe2 34. b5 Qxb5 35. Qa3 Re4 36. Qd6 Rxd4 37. Rxd4 Qb1+ 38. Kh2 Re8 39. Bf4 1-0


[Site "https://www.chess.com"]

[Event "Titled Tuesday Blitz February 22 Late 2022"]
[White "Domingo Nunez, Alejandro"]
[Black "Gerbelli Neto, Eduardo"]
[WhiteFideId "22245561"]
[BlackFideId "2103281"]
[WhiteElo "2215"]
[BlackElo "2178"]
[Result "1-0"]
[Round "06"]
[TimeControl "180+1"]
[Date "2022.02.23"]
[WhiteClock "0:00:21"]
[BlackClock "0:00:07"]

1. Nf3 Nf6 2. b3 d5 3. Bb2 Bf5 4. c4 e6 5. e3 c5 6. cxd5 exd5 7. d4 Nc6 8. Bb5 Bxb1 9. Bxc6+ bxc6 10. Rxb1 Qa5+ 11. Qd2 Qxa2 12. O-O Qxb3 13. dxc5 Ne4 14. Qa5 Qc2 15. Bd4 Be7 16. Qc7 Rd8 17. Rb7 O-O 18. Qxe7 h6 19. Qe5 Nf6 20. Qg3 Qf5 21. Rxa7 g6 22. Rc7 Ne4 23. Qh4 Kh7 24. Rxc6 Rb8 25. Rb6 Ra8 26. Qf4 Qxf4 27. exf4 Ra2 28. Rc1 Rc8 29. c6 Ra4 30. Be3 Rc4 31. Rxc4 dxc4 32. Nd2 c3 33. Nxe4 c2 34. g3 Rd8 35. c7 Rd1+ 36. Kg2 c1=Q 37. Bxc1 Rxc1 38. Rb7 Kg7 39. Nd6 Rc6 40. c8=Q Rxd6 41. Qc3+ Rf6 42. Rb6 1-0


[Site "https://www.chess.com"]

[Event "Titled Tuesday Blitz February 22 Late 2022"]
[White "Elissalt Cardenas, Hector"]
[Black "Kohler, Aran"]
[WhiteFideId "3500632"]
[BlackFideId "1002856"]
[WhiteElo "2159"]
[BlackElo "2244"]
[Result "1-0"]
[Round "06"]
[TimeControl "180+1"]
[Date "2022.02.23"]
[WhiteClock "0:01:18"]
[BlackClock "0:00:32"]

1. d4 d5 2. c4 c6 3. cxd5 cxd5 4. Bf4 Nc6 5. e3 a6 6. Nc3 Nf6 7. Bd3 e6 8. Rc1 Bd6 9. Bxd6 Qxd6 10. f4 b5 11. Nf3 Bb7 12. Ne5 Nd7 13. Qh5 Ndxe5 14. fxe5 Qe7 15. O-O g6 16. Qh6 O-O-O 17. a4 b4 18. Nb5 axb5 19. axb5 Ba8 20. bxc6 Qc7 21. Ba6+ Kb8 22. Rc5 Ka7 23. Ra1 Kb6 24. Rb5+ Ka7 25. Bb7+ Kb8 26. Rxa8# 1-0


[Site "https://www.chess.com"]

[Event "Titled Tuesday Blitz February 22 Late 2022"]
[White "Escudero Donoso, Felipe"]
[Black "Virtanen, Teemu"]
[WhiteFideId "3410595"]
[BlackFideId "509850"]
[WhiteElo "2184"]
[BlackElo "1926"]
[Result "0-1"]
[Round "06"]
[TimeControl "180+1"]
[Date "2022.02.23"]
[WhiteClock "0:00:40"]
[BlackClock "0:01:15"]

1. Nf3 c5 2. c4 g6 3. e4 Bg7 4. d4 cxd4 5. Nxd4 Nc6 6. Be3 Nf6 7. Nc3 d6 8. Be2 O-O 9. O-O Bd7 10. h3 a6 11. Qc2 Rc8 12. Rad1 Qa5 13. Nb3 Qc7 14. Rc1 Ne5 15. c5 dxc5 16. Nxc5 Bc6 17. f4 Ned7 18. Nxd7 Nxd7 19. Nd5 Qd8 20. Qb3 e6 21. Nb6 Nxb6 22. Bxb6 Bd4+ 23. Bxd4 Qxd4+ 24. Kh2 Qxe4 25. Rce1 Qxg2# 0-1


[Site "https://www.chess.com"]

[Event "Titled Tuesday Blitz February 22 Late 2022"]
[White "Garagulya, Konstantin"]
[Black "Weetik, Vjacheslav"]
[WhiteFideId "4128931"]
[BlackFideId "4153472"]
[WhiteElo "2329"]
[BlackElo "2469"]
[Result "1-0"]
[Round "06"]
[TimeControl "180+1"]
[Date "2022.02.23"]
[WhiteClock "0:00:30"]
[BlackClock "0:00:05"]

1. d4 d5 2. Nf3 e6 3. c4 c6 4. Qc2 Bd6 5. Bg5 f6 6. Bh4 Ne7 7. Bg3 O-O 8. e3 Bb4+ 9. Nc3 Nf5 10. Bd3 g6 11. a3 Be7 12. O-O Nxg3 13. hxg3 f5 14. b4 Nd7 15. b5 Bf6 16. bxc6 bxc6 17. cxd5 cxd5 18. Rab1 Nb6 19. Na4 Nxa4 20. Qxa4 Bd7 21. Qa6 Qe7 22. Rfc1 Rfc8 23. Rxc8+ Rxc8 24. Qxa7 Be8 25. Rb7 Rc1+ 26. Kh2 Qf8 27. Rxh7 Bf7 28. Rh3 g5 29. Ne5 g4 30. Nd7 Qd8 31. Nxf6+ Qxf6 32. Qb8+ Kg7 33. Qh8+ 1-0


[Site "https://www.chess.com"]

[Event "Titled Tuesday Blitz February 22 Late 2022"]
[White "Gimenez Aguirre, Alejo Ismael"]
[Black "Vifleemskaia, Svetlana"]
[WhiteFideId "32041667"]
[BlackFideId "4129490"]
[WhiteElo "2031"]
[BlackElo "1901"]
[Result "1-0"]
[Round "06"]
[TimeControl "180+1"]
[Date "2022.02.23"]
[WhiteClock "0:00:48"]
[BlackClock "0:00:05"]

1. e4 e5 2. Nf3 Nc6 3. Bb5 a6 4. Ba4 Nf6 5. O-O Be7 6. Re1 b5 7. Bb3 d6 8. c3 O-O 9. h3 Nd7 10. d4 Bf6 11. d5 Ne7 12. a4 Bb7 13. Na3 g6 14. Bh6 Bg7 15. Bxg7 Kxg7 16. axb5 axb5 17. Nxb5 Rxa1 18. Qxa1 f5 19. Qa7 Qb8 20. Qxb8 Rxb8 21. Nxc7 fxe4 22. Ng5 Kf6 23. Nxe4+ Kf7 24. Nxd6+ Kg7 25. Nxb7 Rxb7 26. d6 Nf5 27. Ne6+ Kf6 28. Bd5 Rxb2 29. c4 Nxd6 30. Ra1 Nf5 31. Ra6 Rb6 32. Ra7 Rxe6 33. Rxd7 Re7 34. Rd8 Rc7 35. Rf8+ Kg7 36. Re8 Nd6 37. Rxe5 Nxc4 38. Re6 Nb2 39. g3 Nd3 40. Kg2 Rd7 41. Bc4 Nc5 42. Re5 Nb7 43. h4 Kf6 44. Re6+ Kg7 45. Re8 Nd6 46. Rg8+ Kf6 47. Bb3 Nf5 48. Kh3 Ne7 49. Rf8+ Kg7 50. Rf7+ Kh8 51. Be6 Rc7 52. g4 1-0


[Site "https://www.chess.com"]

[Event "Titled Tuesday Blitz February 22 Late 2022"]
[White "Goltsev, Dmitry"]
[Black "Holt, Conrad"]
[WhiteFideId "24176710"]
[BlackFideId "2034387"]
[WhiteElo "2273"]
[BlackElo "2586"]
[Result "0-1"]
[Round "06"]
[TimeControl "180+1"]
[Date "2022.02.22"]
[WhiteClock "0:00:02"]
[BlackClock "0:00:08"]

1. e4 e6 2. d4 d5 3. exd5 exd5 4. Nf3 Bd6 5. Bd3 Nc6 6. O-O Bg4 7. Re1+ Nge7 8. c3 Qd7 9. b4 O-O 10. h3 Bf5 11. a4 Bxd3 12. Qxd3 Qf5 13. Qxf5 Nxf5 14. Na3 a5 15. b5 Nce7 16. Nc2 Nc8 17. Ba3 Nb6 18. Bxd6 Nxd6 19. Ne5 Rfe8 20. Kf1 Ne4 21. Re3 f6 22. Nf3 Nc4 23. Rd3 Nb2 24. Re3 Nc4 25. Rd3 Ned6 26. Ne3 Nxe3+ 27. fxe3 Nc4 28. Kf2 Re6 29. Ne1 Rae8 30. Nc2 f5 31. g3 Rh6 32. h4 g5 33. Na3 Nxa3 34. Rxa3 gxh4 35. Ra1 hxg3+ 36. Kxg3 Re4 37. Rf1 Rg4+ 38. Kf2 Rh2+ 39. Ke1 Rgg2 40. Rxf5 Ra2 41. Rd1 h5 42. Rg5+ Kf7 43. Kf1 Kf6 44. Rg8 Rh1+ 45. Rg1 Rxg1+ 46. Kxg1 Rxa4 47. Kf2 Ra2+ 48. Kf3 Rc2 49. Rh1 Kg6 50. Rg1+ Kh6 51. Rg8 Rxc3 52. Kf4 a4 53. Ra8 a3 54. Ke5 Rxe3+ 55. Kf6 Rf3+ 56. Ke5 h4 57. Kxd5 Kg5 58. Ke4 Rg3 59. Ra7 b6 60. Ra8 Kg4 61. Rg8+ Kh3 62. Ra8 Rg4+ 63. Kf3 Rg3+ 64. Kf2 Rb3 65. d5 Rb2+ 66. Kf3 a2 67. Ra3 Kh2 68. Kg4 Kg2 69. Kxh4 Kf2 70. Kg4 Ke2 71. Kf5 Kd2 72. Ke6 Kc2 73. Kd7 Kb1 74. Kxc7 Rxb5 75. d6 Rd5 76. Kc6 Rd2 77. Rb3+ Kc2 78. Ra3 Kb2 79. Ra6 a1=Q 80. Rxb6+ Kc1 81. Kd7 Qa7+ 82. Kc6 Rxd6+ 83. Kc5 Qxb6+ 84. Kc4 Rd4+ 85. Kc3 Qb4# 0-1


[Site "https://www.chess.com"]